 Dungeon Crawl Stone Soup version 0.30.1-4-g462c640d31 (webtiles) character file.

Game seed: 10495217463020778599

546 Bobit the Digger (level 7, -6/56 HPs)
             Began as a Gnoll Wanderer on Aug 18, 2023.
             Mangled by a yak (14 damage)
             ... on level 3 of the Dungeon.
             The game lasted 00:10:17 (4151 turns).

Bobit the Digger (Gnoll Wanderer)                   Turns: 4151, Time: 00:10:17

Health: -6/56      AC:  6    Str:  9    XL:     7   Next: 28%
Magic:  1/15       EV: 11    Int: 16    God:
Gold:   228        SH:  6    Dex: 11    Spells: 13/17 levels left

rFire   . . .        a - +2 dagger
rCold   . . .        f - +2 buckler
rNeg    . . .        k - +3 leather armour {rPois}
rPois   +            (no helmet)
rElec   .            (no cloak)
rCorr   .            (no gloves)
SInv    .            (no boots)
Will    .....        (no amulet)
Stlth   ++           (no ring)
HPRegen 0.29/turn    (no ring)
MPRegen 0.14/turn

%: no passive effects
@: very slightly contaminated
A: fangs 1, strong nose, distributed training
a: no special abilities


You were on level 3 of the Dungeon.
You visited 1 branch of the dungeon, and saw 4 of its levels.

You collected 228 gold pieces.

Inventory:

Hand Weapons
 a - a +2 dagger (weapon)
Missiles
 b - 3 curare-tipped darts
 l - 10 poisoned darts
Armour
 e - a +0 robe
 f - a +2 buckler (worn)
 k - a +3 leather armour of poison resistance (worn)
Jewellery
 q - a ring of resist corrosion
Scrolls
 g - 5 scrolls of identify {unknown}
 h - 2 scrolls of poison {unknown}
 o - 2 scrolls of teleportation {unknown}
 p - a scroll of torment {unknown}
 r - a scroll of magic mapping {unknown}
 s - a scroll of vulnerability {unknown}
 t - a scroll of fog {unknown}
Potions
 c - 4 potions of curing
 d - a potion of lignification
 i - a potion of ambrosia {unknown}
 j - a potion of brilliance {unknown}
 m - a potion of might {unknown}
 n - a potion of magic {unknown}


   Skills:
 + Level 5.2 Fighting
 + Level 2.5 Short Blades
 + Level 2.5 Long Blades
 + Level 2.5 Axes
 + Level 2.5 Maces & Flails
 + Level 2.5 Polearms
 + Level 2.5 Staves
 + Level 2.5 Ranged Weapons
 + Level 5.2 Throwing
 + Level 2.5 Armour
 + Level 3.6 Dodging
 + Level 2.5 Stealth
 + Level 2.5 Shields
 + Level 2.5 Unarmed Combat
 + Level 5.6 Spellcasting
 + Level 2.0 Conjurations
 + Level 2.0 Hexes
 + Level 2.0 Summonings
 + Level 2.0 Necromancy
 + Level 2.0 Translocations
 + Level 2.0 Transmutations
 + Level 2.0 Fire Magic
 + Level 2.0 Ice Magic
 + Level 2.0 Air Magic
 + Level 5.8 Earth Magic
 + Level 2.0 Poison Magic
 + Level 2.7 Invocations
 + Level 2.5 Evocations


You had 13 spell levels left.
You knew the following spells:

 Your Spells              Type           Power      Damage    Failure   Level
a - Sandblast             Erth           46%        2d11      2%          1
b - Stone Arrow           Conj/Erth      34%        3d9       17%         3

Your spell library contained the following spells:

 Spells                   Type           Power      Damage    Failure   Level
 Freeze                   Ice            44%        1d6       13%         1
 Frozen Ramparts          Ice            22%        1d4       36%         3
 Hailstorm                Conj/Ice       11%        3d5       36%         3
 Ozocubu's Armour         Ice            11%        N/A       36%         3
 Animate Dead             Necr           11%        N/A       77%         4
 Haunt                    Necr/Summ      5%         N/A       100%        7
 Ozocubu's Refrigeration  Ice            5%         4d8       100%        7
 Infestation              Necr           5%         N/A       100%        8


Dungeon Overview and Level Annotations

Branches:
Dungeon (4/15)
 Temple: D:4-7

Altars:
Uskayaw


Innate Abilities, Weirdness & Mutations

You have very sharp teeth.
Your uncanny sense of smell can sniff out nearby items.
Your experience applies equally to all skills.


Message History

The yak gores you!
Casting: Stone Arrow (dangerous; 17% risk of failure)
Confirm with . or Enter, or press ? or * to list all spells.
Aiming: Stone Arrow (dangerous; 17% risk of failure)
Press: ? - help, Shift-Dir - straight line, f/p - yak
Aim: a yak (severely wounded, 81% to hit)
You miscast Stone Arrow.
You are very lightly contaminated with residual magic.
Nothing appears to happen.
The yak gores you.
Casting: Stone Arrow (dangerous; 17% risk of failure)
Confirm with . or Enter, or press ? or * to list all spells.
Aiming: Stone Arrow (dangerous; 17% risk of failure)
Press: ? - help, Shift-Dir - straight line, f/p - yak
Aim: a yak (severely wounded, 81% to hit)
You miscast Stone Arrow.
Nothing appears to happen.
The yak gores you!
Casting: Stone Arrow (dangerous; 17% risk of failure)
Confirm with . or Enter, or press ? or * to list all spells.
Aiming: Stone Arrow (dangerous; 17% risk of failure)
Press: ? - help, Shift-Dir - straight line, f/p - yak
Aim: a yak (severely wounded, 81% to hit)
You miscast Stone Arrow.
Rocks fall onto you out of nowhere. The yak gores you but does no damage.
You hit the yak but do no damage.
The yak is severely wounded.
The yak gores you but does no damage.
You hit the yak.
The yak is almost dead.
The yak completely misses you.
You hit the yak but do no damage.
The yak is almost dead.
You block the yak's attack.
You barely miss the yak. You bite the yak.
The yak is almost dead.
The yak gores you.
You hit the yak.
The yak is almost dead.
The yak gores you!
* * * LOW HITPOINT WARNING * * *
The yak attacks as you move away! The yak gores you!
You die...

#≈≈≈P~≈≈≈≈≈≈≈≈≈≈~~~≈≈≈≈≈≈≈P..~...
###~...~~~≈~≈≈~P~P~~≈≈≈≈≈≈~~~~...
..P.....~.P..~~~P.~~~.)≈≈≈≈≈~~≈~.
...................~..≈~P~≈≈≈≈~P~
.........#.###.......~~~~~P≈~≈≈~.
...#..#..#...##......[..~.~.PP≈~~
...#..#.........######.....~~~≈≈≈
................††......#...~~~P≈
....<)#.##.####.@............~~≈≈
......#.##.# #Y######..####...#≈
........##.## #.# #..# #...##
............# #.# #..# #..###
............# #.# ####..# #### #
...##.#.###.# #.# #.##..###
........###.#######.......#
........................#.#######
.#.##.#..........................


You could see a yak.

Vanquished Creatures
  3 yaks (D:3)
  A jelly (D:4)
  4 adders
  A worm (D:2)
  2 dart slugs
  2 orcs (D:3)
  3 endoplasms
  2 giant cockroaches
  3 goblins
  5 hobgoblins
  3 jackals (D:3)
  7 kobolds
  3 quokkas
  6 ball pythons
  6 bats
  3 frilled lizards (D:1)
  5 rats
59 creatures vanquished.

Notes
Turn   | Place    | Note
-------+----------+-------------------------------------------
     0 | D:1      | Bobit the Gnoll Wanderer began the quest for the Orb.
     0 | D:1      | Bobit set off with the following items: a +2 dagger, a
                  | curare-tipped dart, a potion of curing, a potion of
                  | lignification, a +0 robe; and the following spell
                  | memorised: Sandblast; and the following spells available to
                  | memorise: Stone Arrow.
     0 | D:1      | Reached XP level 1. HP: 20/20 MP: 6/6
   108 | D:1      | Reached XP level 2. HP: 21/26 MP: 7/7
   993 | D:2      | Reached skill level 5 in Spellcasting
   993 | D:2      | Reached XP level 3. HP: 31/31 MP: 7/9
  1200 | D:2      | Reached skill level 1 in Invocations
  1231 | D:2      | Learned a level 3 spell: Stone Arrow
  1713 | D:3      | Reached skill level 1 in Short Blades
  1713 | D:3      | Reached skill level 1 in Long Blades
  1713 | D:3      | Reached skill level 1 in Axes
  1713 | D:3      | Reached skill level 1 in Maces & Flails
  1713 | D:3      | Reached skill level 1 in Polearms
  1713 | D:3      | Reached skill level 1 in Staves
  1713 | D:3      | Reached skill level 1 in Ranged Weapons
  1713 | D:3      | Reached skill level 1 in Armour
  1713 | D:3      | Reached skill level 1 in Stealth
  1713 | D:3      | Reached skill level 1 in Shields
  1713 | D:3      | Reached skill level 1 in Unarmed Combat
  1713 | D:3      | Reached skill level 1 in Evocations
  1798 | D:3      | Reached XP level 4. HP: 38/38 MP: 11/11
  2413 | D:3      | Reached skill level 1 in Conjurations
  2413 | D:3      | Reached skill level 1 in Hexes
  2413 | D:3      | Reached skill level 1 in Summonings
  2413 | D:3      | Reached skill level 1 in Necromancy
  2413 | D:3      | Reached skill level 1 in Translocations
  2413 | D:3      | Reached skill level 1 in Transmutations
  2413 | D:3      | Reached skill level 1 in Fire Magic
  2413 | D:3      | Reached skill level 1 in Ice Magic
  2413 | D:3      | Reached skill level 1 in Air Magic
  2413 | D:3      | Reached skill level 1 in Poison Magic
  2878 | D:4      | Noticed a yak
  2878 | D:4      | Noticed a yak
  2878 | D:4      | Noticed a yak
  3062 | D:4      | Found a hide-covered altar of Uskayaw.
  3338 | D:4      | Reached XP level 5. HP: 43/43 MP: 8/12
  3728 | D:4      | Noticed a yak
  3776 | D:3      | Killed a yak
  3777 | D:3      | Reached skill level 5 in Fighting
  3777 | D:3      | Reached skill level 5 in Throwing
  3777 | D:3      | Reached XP level 6. HP: 8/51 MP: 0/14
  3929 | D:4      | Noticed a yak
  3939 | D:3      | Killed a yak
  4040 | D:4      | Noticed a yak
  4046 | D:3      | Killed a yak
  4047 | D:3      | Reached XP level 7. HP: 47/56 MP: 3/15
  4151 | D:3      | Mangled by a yak

Illustrated notes

Levels and vault maps discovered:
D:1:      kennysheep_arrival_forest, layout_loops_ring, serial_rivers,
          chequers_serial_rivers_micro_d, chequers_serial_rivers_micro_b,
          chequers_serial_rivers_micro_d, chequers_serial_rivers_small_b,
          minmay_misc_feat_four_crosses
D:2:      layout_basic
D:3:      layout_basic, chequers_big_river, serial_bayou_pond_a
D:4:      layout_basic, nicolae_uskayaw_murder_on_the_dancefloor

Skill      XL: |  1  2  3  4  5  6 |
---------------+-------------------+-----
Spellcasting   | 5 |  5.6
Invocations    | 1 2 |  2.7
Short Blades   | 1 2 |  2.5
Long Blades    | 1 2 |  2.5
Axes           | 1 2 |  2.5
Maces & Flails | 1 2 |  2.5
Polearms       | 1 2 |  2.5
Staves         | 1 2 |  2.5
Ranged Weapons | 1 2 |  2.5
Armour         | 1 2 |  2.5
Stealth        | 1 2 |  2.5
Shields        | 1 2 |  2.5
Unarmed Combat | 1 2 |  2.5
Evocations     | 1 2 |  2.5
Conjurations   | 1 2 |  2.0
Hexes          | 1 2 |  2.0
Summonings     | 1 2 |  2.0
Necromancy     | 1 2 |  2.0
Translocations | 1 2 |  2.0
Transmutations | 1 2 |  2.0
Fire Magic     | 1 2 |  2.0
Ice Magic      | 1 2 |  2.0
Air Magic      | 1 2 |  2.0
Poison Magic   | 1 2 |  2.0
Fighting       | 5 |  5.2
Throwing       | 5 |  5.2
Dodging        | 3 |  3.6
Earth Magic    | |  5.8

Action                     |  1- 3 |  4- 6 |  7- 9 || total
---------------------------+-------+-------+-------++-------
  Melee: Dagger            |   135 |    41 |     5 ||   181
         Bite              |     5 |     1 |     1 ||     7
  Throw: Dart              |     1 |       |       ||     1
   Cast: Sandblast         |     1 |       |       ||     1
         Stone Arrow       |     2 |    25 |     2 ||    29
   Stab: Sleeping          |     1 |       |       ||     1
 Armour: Robe              |    13 |       |       ||    13
         Leather armour    |    23 |    19 |     3 ||    45
  Dodge: Dodged            |    69 |    25 |     3 ||    97
  Block: Buckler           |    30 |    19 |     1 ||    50
